AoeStats
← Teblu

Arabia

510231010Analyzed
3v3 RM · 24h ago on Sep 30, 2026· 40m 39s· 6 players
Game mode
Random Map
Map size
Normal (6 player)
Population
200
Speed
Normal
Resources
Standard
Victory
Conquest
Starting age
Dark Age
Ending age
Imperial Age
RankedLock teamsTeams togetherTeam positionsShared explorationLock speedFull tech treeHidden civsTurbo modeCheats
Victory
Defeat
🇵🇪 Aztecs · Peru
904
+11
🇺🇸 Tatars · United States
873
+12
🇦🇷 Vietnamese · Argentina
851
+13
🇺🇸 Portuguese · United States
804
-13
🇺🇸 Maya · United States
780
-12
🇺🇸 Cumans · United States
763
-11
Teblu
4:32 Loom
11:21 Feudal Age
11:23 Man-at-Arms
15:40 Double-Bit Axe
16:43 Horse Collar
26:08 Castle Age
26:19 Crossbowman
26:53 Fletching
27:04 Padded Archer Armor
32:56 Ballistics
38:15 Imperial Age
36:21 Wheelbarrow
38:37 Heavy Cavalry Archer
40:31 Chemistry
39:30 Bodkin Arrow
40:49 Bracer
CarpinChurro
2:37 Loom
11:56 Feudal Age
17:28 Forging
17:19 Scale Mail Armor
19:14 Padded Archer Armor
19:04 Fletching
21:24 Castle Age
22:49 Wheelbarrow
22:11 Crossbowman
23:02 Bodkin Arrow
23:22 Leather Archer Armor
23:22 Chain Mail Armor
23:48 Double-Bit Axe
24:43 Eagle Warrior
26:46 Wheelbarrow
gustavoar
7:49 Loom
10:59 Feudal Age
14:21 Wheelbarrow
14:50 Gold Mining
14:58 Double-Bit Axe
14:56 Horse Collar
21:10 Castle Age
22:59 Fletching
22:48 Elite Skirmisher
23:22 Stone Mining
23:51 Hand Cart
24:05 Bodkin Arrow
25:35 Stone Shaft Mining
25:03 Heavy Plow
25:23 Bow Saw
26:05 Padded Archer Armor
28:57 Pikeman
30:37 Forging
31:14 Crossbowman
32:29 Squires
33:10 Town Watch
38:35 Imperial Age
36:08 Town Patrol
37:21 Ballistics
38:39 Leather Archer Armor
38:42 Halberdier
39:49 Arbalester
41:16 Bracer
vickshick
8:03 Loom
10:19 Feudal Age
11:01 Double-Bit Axe
13:18 Horse Collar
21:05 Castle Age
19:48 Bloodlines
21:36 Wheelbarrow
24:33 Bow Saw
26:44 Forging
26:41 Scale Barding Armor
30:50 Imperial Age
30:56 Imperial Age
31:51 Hand Cart
31:06 Cavalier
32:39 Fletching
32:50 Padded Archer Armor
34:19 Bodkin Arrow
33:46 Light Cavalry
36:06 Iron Casting
35:52 Chain Barding Armor
35:48 Paladin
37:57 Conscription
37:41 Steppe Husbandry
39:07 Hussar
darkwolf
7:58 Loom
10:53 Feudal Age
13:26 Fletching
15:14 Double-Bit Axe
22:38 Castle Age
22:59 Crossbowman
23:41 Bodkin Arrow
23:50 Horse Collar
29:21 Thumb Ring
30:32 Padded Archer Armor
32:15 Bloodlines
33:12 Wheelbarrow
32:24 Elite Skirmisher
33:27 Bow Saw
33:51 Light Cavalry
36:03 Gold Mining
37:02 Husbandry
37:53 Hand Cart
40:33 Ballistics
kingfisher1108
13:02 Feudal Age
23:10 Castle Age
24:51 Thumb Ring
24:08 Crossbowman
26:17 Elite Skirmisher
38:44 Imperial Age
38:38 Double-Bit Axe
Connection lost

Rejoining the realm…

Still unreachable

The connection could not be restored.

Session expired

The server has moved on; the page needs a fresh start.